[Event "Titled Tuesday Blitz August 15 Early 2023"]
[White "Nugumanov, Bakhtiyar"]
[Black "Hoang, Thi Bao Tram"]
[WhiteFideId "13701797"]
[BlackFideId "12401102"]
[WhiteElo "2091"]
[BlackElo "2657"]
[Result "0-1"]
[Round "3"]
[TimeControl "180+1"]
[Date "2023.08.15"]
[WhiteClock "0:00:05"]
[BlackClock "0:00:16"]
[Board "66"]

1. e4 c6 2. Nc3 d5 3. d4 dxe4 4. Nxe4 Bf5 5. Ng3 Bg6 6. Nh3 e6 7. Nf4 Bd6 8. h4 Ne7 9. h5 Bf5 10. Nxf5 Nxf5 11. c3 Qc7 12. Qf3 Nd7 13. Bd3 O-O-O 14. Bd2 g6 15. Ne2 f6 16. O-O-O Ne7 17. Nf4 Bxf4 18. Bxf4 e5 19. Bg3 Qa5 20. Bc4 Nf5 21. dxe5 Nxg3 22. Qxg3 Qxe5 23. hxg6 Qxg3 24. fxg3 hxg6 25. Rxh8 Rxh8 26. Be6 Rh7 27. Kc2 Re7 28. Bxd7+ Rxd7 29. Re1 Kc7 30. Re6 Rd6 31. Re7+ Kb6 32. Rg7 g5 33. g4 Re6 34. Kd3 a5 35. a4 Re1 36. Rg6 Rg1 37. Rxf6 Rxg2 38. b4 Rxg4 39. b5 Rxa4 40. bxc6 bxc6 41. Rg6 Rg4 42. Kc2 Kb5 43. Kb3 a4+ 44. Ka3 Rg3 45. Kb2 g4 46. Rg5+ c5 47. Rg6 Kc4 48. Ra6 Kb5 49. Rg6 a3+ 50. Kxa3 Rxc3+ 51. Kb2 Rg3 52. Rg5 Kb4 53. Kc2 Rg2+ 54. Kd3 c4+ 55. Ke3 c3 56. Rg8 Kb3 57. Kd3 Rg3+ 58. Ke2 Kc2 59. Rh8 Rg2+ 60. Ke3 Rg3+ 61. Ke2 Rg1 62. Ke3 Kc1 63. Kf2 Rd1 64. Ke2 Rd2+ 65. Ke1 c2 66. Ra8 Rd4 67. Rb8 Re4+ 68. Kf2 Kd2 69. Rd8+ Kc3 70. Kg3 c1=Q 71. Rc8+ Rc4 72. Rxc4+ Kxc4 73. Kxg4 0-1


[Site "https://www.chess.com"]

[Event "Titled Tuesday Blitz August 15 Early 2023"]
[White "Melikhov, Evgeny V."]
[Black "Nihal Sarin"]
[WhiteFideId "4122046"]
[BlackFideId "25092340"]
[WhiteElo "2394"]
[BlackElo "3135"]
[Result "0-1"]
[Round "3"]
[TimeControl "180+1"]
[Date "2023.08.15"]
[WhiteClock "0:00:00"]
[BlackClock "0:00:28"]
[Board "67"]

1. d4 d5 2. c4 dxc4 3. Nf3 Nf6 4. e3 Be6 5. Nbd2 c6 6. Bxc4 Bxc4 7. Nxc4 e6 8. O-O Be7 9. Qe2 O-O 10. e4 Nbd7 11. Bg5 h6 12. Bh4 Nb6 13. Rfe1 Nxc4 14. Qxc4 Re8 15. e5 Nd5 16. Bxe7 Rxe7 17. Nd2 Rd7 18. Nf3 Qb6 19. b3 Rad8 20. Re4 Qb5 21. Rc1 Qa5 22. a4 a6 23. h4 Ne7 24. Qc5 Qxc5 25. Rxc5 Nf5 26. Rc4 h5 27. a5 Rd5 28. b4 Rb5 29. Nd2 Ne7 30. Nb3 Nd5 31. g4 hxg4 32. Rxg4 Nxb4 33. h5 Kh7 34. Rc3 Nd5 35. Rcg3 Rg8 36. Nd2 Ne7 37. Ne4 Kh6 38. Ng5 Rf8 39. Rf4 Nf5 40. Rgg4 Rxa5 41. Ne4 Nxd4 42. Nd6 Ne2+ 0-1


[Site "https://www.chess.com"]

[Event "Titled Tuesday Blitz August 15 Early 2023"]
[White "FromTexas54"]
[Black "Lazavik, Denis"]
[BlackFideId "13515110"]
[WhiteElo "2505"]
[BlackElo "3043"]
[Result "0-1"]
[Round "3"]
[TimeControl "180+1"]
[Date "2023.08.15"]
[WhiteClock "0:00:00"]
[BlackClock "0:00:15"]
[Board "68"]

1. Nf3 d5 2. g3 g6 3. Bg2 Bg7 4. c4 dxc4 5. O-O e5 6. Na3 Nc6 7. Nxc4 Nge7 8. d3 O-O 9. Rb1 a5 10. b3 Re8 11. Bb2 Nd5 12. a3 b6 13. b4 axb4 14. axb4 b5 15. Na3 Rb8 16. Nc2 Qd6 17. Nd2 f5 18. e4 Nb6 19. Ne3 f4 20. Nd5 Be6 21. gxf4 Nxd5 22. exd5 Bxd5 23. fxe5 Bxe5 24. Bxe5 Nxe5 25. Ne4 Qb6 26. Kh1 Rbd8 27. f4 Nxd3 28. Qxd3 Bxe4 29. Qb3+ Kg7 30. Bxe4 Rxe4 31. f5 Qc6 32. Qf3 Rd3 33. f6+ Kf7 34. Qg2 Rd2 35. Qf3 Rc4 36. Qxc6 Rxc6 37. Rbc1 Rc4 38. Rxc4 bxc4 39. Rf4 c3 40. Rc4 c2 41. Rxc7+ Kxf6 0-1


[Site "https://www.chess.com"]

[Event "Titled Tuesday Blitz August 15 Early 2023"]
[White "Svane, Rasmus"]
[Black "FunnyDuck66"]
[WhiteFideId "4657101"]
[WhiteElo "2982"]
[BlackElo "2504"]
[Result "1-0"]
[Round "3"]
[TimeControl "180+1"]
[Date "2023.08.15"]
[WhiteClock "0:00:35"]
[BlackClock "0:00:00"]
[Board "69"]

1. Nf3 d5 2. g3 Nf6 3. Bg2 Bg4 4. O-O c6 5. h3 Bh5 6. d4 e6 7. c4 Be7 8. cxd5 exd5 9. Nc3 O-O 10. Ne5 Nbd7 11. f4 h6 12. Qb3 c5 13. Be3 Nxe5 14. fxe5 Ne4 15. Bxe4 dxe4 16. d5 Bg5 17. Bxc5 Re8 18. Bd4 Bg6 19. h4 Bxh4 20. gxh4 Qxh4 21. Rf2 e3 22. Rg2 Qxd4 23. e6 Qe5 24. Rf1 Rf8 25. Qxb7 Rab8 26. Qe7 Rxb2 27. exf7+ Bxf7 28. Qxe5 1-0


[Site "https://www.chess.com"]

[Event "Titled Tuesday Blitz August 15 Early 2023"]
[White "Martinez Reyes, Pedro Ramon"]
[Black "Keymer, Vincent"]
[WhiteFideId "3901807"]
[BlackFideId "12940690"]
[WhiteElo "2503"]
[BlackElo "2946"]
[Result "0-1"]
[Round "3"]
[TimeControl "180+1"]
[Date "2023.08.15"]
[WhiteClock "0:00:01"]
[BlackClock "0:00:22"]
[Board "70"]

1. e4 c6 2. d3 d5 3. Nf3 dxe4 4. dxe4 Qxd1+ 5. Kxd1 Nd7 6. a4 g6 7. a5 Bg7 8. c3 Nc5 9. Nbd2 Nf6 10. e5 Ng4 11. Ke1 Nxe5 12. Nxe5 Bxe5 13. Nc4 Bc7 14. Be3 Ne4 15. Bd3 Be6 16. Bxe4 Bxc4 17. a6 Bxa6 18. Rxa6 f5 19. Rxc6 bxc6 20. Bxc6+ Kf7 21. Bxa8 Rxa8 22. Kd2 e5 23. Ra1 a5 24. Ra4 Ke6 25. Kc2 Rb8 26. f3 Kd5 27. c4+ Ke6 28. Bd2 e4 29. fxe4 fxe4 30. Bxa5 Bxh2 31. c5 Kd5 32. Bc3 Rf8 33. Rd4+ Kxc5 34. Rxe4 Rf2+ 35. Kd3 Rxg2 36. b4+ Kd5 37. Rd4+ Kc6 38. Rc4+ Kb6 39. Bd4+ Kb5 40. Rc1 Kxb4 41. Rb1+ Ka5 42. Rb7 h5 43. Kc4 Rc2+ 44. Bc3+ Ka6 45. Rg7 Rxc3+ 0-1


[Site "https://www.chess.com"]

[Event "Titled Tuesday Blitz August 15 Early 2023"]
[White "Mammadzada, Gunay"]
[Black "Demidov, Mikhail"]
[WhiteFideId "13403729"]
[BlackFideId "4197143"]
[WhiteElo "2503"]
[BlackElo "2931"]
[Result "0-1"]
[Round "3"]
[TimeControl "180+1"]
[Date "2023.08.15"]
[WhiteClock "0:00:00"]
[BlackClock "0:00:04"]
[Board "71"]

1. d4 d5 2. Nf3 Nf6 3. c4 c6 4. Qb3 dxc4 5. Qxc4 Qd5 6. Qc2 Bf5 7. Qd1 Bxb1 8. Rxb1 Qxa2 9. Qc2 e6 10. e4 Bb4+ 11. Bd2 Bxd2+ 12. Nxd2 Qa5 13. b4 Qd8 14. e5 Nd5 15. Nc4 O-O 16. Nd6 Qh4 17. Qd2 a5 18. bxa5 Nd7 19. Rxb7 Rfd8 20. g3 Qh5 21. Be2 Qh3 22. Bf1 Qh5 23. h4 Qf3 24. Rg1 Qa3 25. a6 c5 26. Bb5 Nc3 27. Kf1 Nxb5 28. Rxb5 Qxa6 29. Qf4 f5 30. Kg2 cxd4 31. Rgb1 Qc6+ 32. Kh3 Nxe5 33. Rb6 Qd5 34. Nb7 Rd7 35. R6b5 Nd3 36. Qd2 Qe4 0-1


[Site "https://www.chess.com"]

[Event "Titled Tuesday Blitz August 15 Early 2023"]
[White "Moskalenko, Alexander"]
[Black "Berezin, Viktor"]
[WhiteFideId "4155351"]
[BlackFideId "14107872"]
[WhiteElo "2898"]
[BlackElo "2503"]
[Result "1-0"]
[Round "3"]
[TimeControl "180+1"]
[Date "2023.08.15"]
[WhiteClock "0:02:01"]
[BlackClock "0:00:10"]
[Board "72"]

1. d4 Nf6 2. Bg5 Ne4 3. h4 c6 4. Nd2 Qa5 5. Nf3 h6 6. c3 Nxf2 7. Kxf2 hxg5 8. Nxg5 d5 9. e4 dxe4 10. Bc4 e6 11. Ndxe4 Nd7 12. Qf3 f5 13. Ng3 Nf6 14. Rhe1 Be7 15. Bxe6 Bxe6 16. Nxe6 Rxh4 17. Nxg7+ Kf7 18. Rxe7+ Kxe7 19. N7xf5+ Kd7 20. Nxh4 Rf8 21. Qf5+ Qxf5+ 22. Nhxf5 Ke6 23. Re1+ Kd5 24. Re5+ Kc4 25. Ne3+ Kd3 26. Rf5 Kd2 27. Kf3 Kc1 28. Ne4 1-0


[Site "https://www.chess.com"]

[Event "Titled Tuesday Blitz August 15 Early 2023"]
[White "Mihailidis, Anastasios"]
[Black "Bacrot, Etienne"]
[WhiteFideId "4205588"]
[BlackFideId "605506"]
[WhiteElo "2502"]
[BlackElo "2860"]
[Result "0-1"]
[Round "3"]
[TimeControl "180+1"]
[Date "2023.08.15"]
[WhiteClock "0:00:03"]
[BlackClock "0:01:22"]
[Board "73"]

1. e4 c5 2. Nf3 d6 3. d4 cxd4 4. Nxd4 Nf6 5. f3 e5 6. Nb3 Nc6 7. c4 a5 8. a4 Be7 9. Nc3 O-O 10. Be3 Be6 11. Be2 Nd7 12. O-O Nc5 13. Nd5 Bg5 14. Bxg5 Qxg5 15. Nxc5 dxc5 16. Qc1 h6 17. Qxg5 hxg5 18. Rad1 Rad8 19. Kf2 g6 20. Ke3 Kg7 21. h3 f5 22. g4 Nd4 23. Bd3 Rh8 24. Rh1 fxg4 25. hxg4 Rdf8 26. Be2 Rh4 27. Rxh4 gxh4 28. g5 Rh8 29. Rh1 h3 30. f4 Bxd5 31. cxd5 exf4+ 32. Kf2 Nxe2 33. Kxe2 h2 34. Kf3 Rh4 35. e5 Kf7 36. e6+ Ke7 37. Ke4 Kd6 38. Kf3 c4 39. Kg2 Rh5 40. Rxh2 Rxg5+ 41. Kf3 Rxd5 42. Kxf4 Kxe6 43. Re2+ Kd6 44. Rg2 g5+ 45. Ke4 Kc5 46. Rc2 g4 47. b3 Rd4+ 48. Ke3 Rd3+ 49. Ke4 Rxb3 50. Rg2 Kb4 51. Rxg4 Kxa4 52. Kd5 b5 53. Kc5 Rf3 54. Rg1 Rf5+ 55. Kb6 b4 56. Rb1 c3 57. Kc6 c2 58. Rc1 b3 59. Rh1 b2 60. Kd6 c1=Q 0-1


[Site "https://www.chess.com"]

[Event "Titled Tuesday Blitz August 15 Early 2023"]
[White "Lysyj, Igor"]
[Black "Reprintsev, Alexander"]
[WhiteFideId "4150120"]
[BlackFideId "14100541"]
[WhiteElo "2855"]
[BlackElo "2501"]
[Result "1-0"]
[Round "3"]
[TimeControl "180+1"]
[Date "2023.08.15"]
[WhiteClock "0:00:21"]
[BlackClock "0:00:00"]
[Board "74"]

1. d4 d5 2. c4 e5 3. dxe5 d4 4. Nf3 Nc6 5. Nbd2 a5 6. Nb3 Bg4 7. Bf4 Bb4+ 8. Nbd2 Nge7 9. a3 Ng6 10. axb4 Nxf4 11. b5 Nb4 12. Qb3 d3 13. exd3 Nbxd3+ 14. Bxd3 Nxd3+ 15. Kf1 O-O 16. h3 Bf5 17. g3 Re8 18. Qc3 f6 19. exf6 Qxf6 20. Qxf6 gxf6 21. b3 c6 22. bxc6 bxc6 23. g4 Bg6 24. Kg2 Nf4+ 25. Kg3 Ne2+ 26. Kh2 Reb8 27. Rhe1 Nf4 28. Re7 Nd3 29. Kg3 Nc5 30. Ra3 Rb7 31. Rxb7 Nxb7 32. b4 a4 33. c5 Bc2 34. Nd4 Bd1 35. Nxc6 Kf7 36. Nc4 Re8 37. Ne3 Bb3 38. Nd4 1-0


[Site "https://www.chess.com"]

[Event "Titled Tuesday Blitz August 15 Early 2023"]
[White "Baches Garcia, Guillermo"]
[Black "Bernadskiy, Vitaliy"]
[WhiteFideId "2209764"]
[BlackFideId "14100371"]
[WhiteElo "2496"]
[BlackElo "2852"]
[Result "0-1"]
[Round "3"]
[TimeControl "180+1"]
[Date "2023.08.15"]
[WhiteClock "0:00:00"]
[BlackClock "0:01:02"]
[Board "75"]

1. e4 e6 2. d4 d5 3. exd5 Qxd5 4. Nf3 Nf6 5. Be2 c5 6. c4 Qd8 7. Nc3 cxd4 8. Qxd4 Bd7 9. O-O Bb4 10. a3 Nc6 11. Qe3 Be7 12. Rd1 O-O 13. b4 Qc8 14. Nb5 a5 15. Nd6 Qb8 16. c5 axb4 17. Bb2 bxa3 18. Rxa3 Nd5 19. Rxa8 Qxa8 20. Qe4 Qa2 21. Bd3 f5 22. Qe2 Nf4 23. Qc2 Nxd3 24. Rxd3 Nb4 25. Qc3 Qb1+ 26. Ne1 Bf6 27. Qxb4 Qxb2 28. Qxb2 Bxb2 29. Rb3 Bd4 30. Rxb7 Ba4 31. Nd3 Bc2 32. Nb4 Bxc5 33. Nxc2 Bxd6 34. Ne3 Bc5 35. g3 Bxe3 36. fxe3 Rc8 37. Kf2 Rc4 38. h4 Re4 39. Kf3 h6 40. Re7 Kh7 41. Rf7 Kg6 42. Ra7 Kf6 43. Rb7 Ra4 44. Rc7 g6 45. Rb7 Ra2 46. Rb6 Rh2 47. Ra6 g5 48. hxg5+ hxg5 49. e4 g4+ 50. Kf4 Rf2+ 51. Ke3 Rf3+ 52. Ke2 fxe4 53. Ra4 Kf5 54. Ra5+ e5 55. Ra8 e3 56. Rf8+ Ke4 57. Rg8 Rxg3 58. Rg7 Rg2+ 0-1


[Site "https://www.chess.com"]

[Event "Titled Tuesday Blitz August 15 Early 2023"]
[White "Nguyen Hong Nhung"]
[Black "Kukhmazov, Arsen"]
[WhiteFideId "12412201"]
[BlackFideId "24108260"]
[WhiteElo "2493"]
[BlackElo "2839"]
[Result "0-1"]
[Round "3"]
[TimeControl "180+1"]
[Date "2023.08.15"]
[WhiteClock "0:00:50"]
[BlackClock "0:01:41"]
[Board "76"]

1. e4 e5 2. Nf3 Nc6 3. d4 exd4 4. Nxd4 Nf6 5. Nc3 Bb4 6. Nxc6 bxc6 7. Bd3 d5 8. exd5 O-O 9. O-O cxd5 10. h3 h6 11. Qf3 c6 12. Ne2 Re8 13. Rd1 Bf8 14. b3 g6 15. Bb2 Bg7 16. c4 Bb7 17. Nf4 Qe7 18. Rac1 Rad8 19. cxd5 cxd5 20. Bd4 Ne4 21. Bxa7 d4 22. Bxe4 Bxe4 23. Qg3 Qxa7 24. Rd2 Be5 25. Qh4 g5 26. Qxh6 Bxf4 0-1


[Site "https://www.chess.com"]

[Event "Titled Tuesday Blitz August 15 Early 2023"]
[White "Nenezic, Marko"]
[Black "Goncalves, Davi Sulzbacher"]
[WhiteFideId "912123"]
[BlackFideId "2154510"]
[WhiteElo "2828"]
[BlackElo "2493"]
[Result "1-0"]
[Round "3"]
[TimeControl "180+1"]
[Date "2023.08.15"]
[WhiteClock "0:01:11"]
[BlackClock "0:00:02"]
[Board "77"]

1. Nf3 Nf6 2. b3 d5 3. Bb2 c5 4. e3 e6 5. Bb5+ Bd7 6. a4 Be7 7. Ne5 Bxb5 8. axb5 O-O 9. O-O Qb6 10. c4 a6 11. Nc3 Nbd7 12. Nxd7 Nxd7 13. cxd5 axb5 14. dxe6 fxe6 15. Qe2 Bf6 16. Rab1 Ra5 17. Qg4 Ne5 18. Qe4 Qc6 19. f4 Qxe4 20. Nxe4 Nd3 21. Ra1 Rxa1 22. Bxa1 Be7 23. Rb1 Ra8 24. Kf1 Ra2 25. Ke2 Nb4 26. Be5 Nd5 27. Ra1 Rxa1 28. Bxa1 Bf6 29. Bxf6 gxf6 30. Nxc5 Kf7 31. Nxb7 Ke7 32. Kd3 Kd7 33. Nc5+ Kd6 34. Ne4+ Kc6 35. g4 Nb4+ 36. Kd4 Nd5 37. g5 f5 38. Nf6 1-0


[Site "https://www.chess.com"]

[Event "Titled Tuesday Blitz August 15 Early 2023"]
[White "feuervogel1000000"]
[Black "Klukin, Kirill"]
[BlackFideId "24199273"]
[WhiteElo "2491"]
[BlackElo "2812"]
[Result "0-1"]
[Round "3"]
[TimeControl "180+1"]
[Date "2023.08.15"]
[WhiteClock "0:00:03"]
[BlackClock "0:00:17"]
[Board "78"]

1. d4 Nf6 2. c4 Nc6 3. Nf3 e6 4. Nc3 Bb4 5. Bd2 O-O 6. Qc2 d6 7. e4 e5 8. d5 Nd4 9. Qd3 Re8 10. Be2 c5 11. dxc6 bxc6 12. Nxd4 exd4 13. Qxd4 Bc5 14. Qd3 d5 15. O-O Nxe4 16. cxd5 Nxd2 17. Qxd2 cxd5 18. Bf3 Rb8 19. Bxd5 Qf6 20. Rae1 Bf5 21. a3 Red8 22. Rd1 Bd6 23. g3 Be5 24. Rfe1 h5 25. Qe3 Bc7 26. b4 Bg4 27. Rc1 Bb6 28. Ne4 Bxe3 29. Nxf6+ gxf6 30. Rxe3 Rxd5 31. Kg2 Rbd8 32. Rc7 R5d7 33. Rc5 Kg7 34. h3 Bd1 35. b5 Kg6 36. Rc4 Rd4 37. Rc7 R8d7 38. Rc8 Rd8 39. Rc7 R4d7 40. Rc6 Ba4 41. Rf3 Rd6 42. Rc5 Rd5 43. Rc6 R8d6 44. Rc8 Bxb5 45. Rf4 Bc6 46. Kh2 Rd1 47. g4 h4 0-1


[Site "https://www.chess.com"]

[Event "Titled Tuesday Blitz August 15 Early 2023"]
[White "Mackster23"]
[Black "Putnam, Liam"]
[BlackFideId "30938279"]
[WhiteElo "2490"]
[BlackElo "2811"]
[Result "0-1"]
[Round "3"]
[TimeControl "180+1"]
[Date "2023.08.15"]
[WhiteClock "0:00:06"]
[BlackClock "0:00:14"]
[Board "79"]

1. d4 g6 2. e4 Bg7 3. Nc3 d6 4. Be3 a6 5. Qd2 b5 6. O-O-O Bb7 7. f3 Nd7 8. h4 h5 9. Nh3 Rc8 10. Ng5 e6 11. g3 Ne7 12. Bh3 Nc6 13. f4 O-O 14. f5 exf5 15. exf5 Na5 16. fxg6 fxg6 17. Be6+ Kh8 18. Rhf1 Qe7 19. Qd3 Rxf1 20. Rxf1 Rf8 21. Rf7 Rxf7 22. Nxf7+ Kg8 23. Ng5+ Kf8 24. Qxg6 Nf6 25. d5 Nc4 26. Bd4 Ne5 27. Bxe5 dxe5 28. Nce4 Qe8 29. Bf7 Qd7 30. Nxf6 Qh3 31. Nfh7+ Ke7 32. Qe6+ Qxe6 33. dxe6 Bh6 34. Bxh5 e4 35. Kd2 Bd5 36. Ke3 Bxe6 37. Kxe4 Bxa2 38. g4 Bb1 39. Nf3 Bxc2+ 40. Kd4 Bxh7 41. g5 Bg7+ 42. Ke3 Bxb2 43. g6 Bg8 44. Bg4 Bf6 45. h5 Bg7 46. Kf4 Bh6+ 47. Kf5 Be6+ 48. Ke4 Bxg4 49. Ne5 Bxh5 0-1


[Site "https://www.chess.com"]

[Event "Titled Tuesday Blitz August 15 Early 2023"]
[White "Guliyev, Namig"]
[Black "Tomaszewski, Kacper"]
[WhiteFideId "13400363"]
[BlackFideId "1127373"]
[WhiteElo "2811"]
[BlackElo "2490"]
[Result "1-0"]
[Round "3"]
[TimeControl "180+1"]
[Date "2023.08.15"]
[WhiteClock "0:02:16"]
[BlackClock "0:01:15"]
[Board "80"]

1. e4 e6 2. d4 d5 3. Nc3 Bb4 4. e5 c5 5. a3 Ba5 6. b4 cxd4 7. Nb5 Bc7 8. f4 Bd7 9. Nxd4 Nc6 10. Ngf3 Nge7 11. c3 a6 12. Bd3 Nxd4 13. cxd4 Bb5 14. Bxb5+ axb5 15. Qd3 Qd7 16. O-O h5 17. Be3 g6 18. Rfc1 Bb6 19. Rc3 O-O 20. Bf2 Rfc8 21. Rac1 Rc4 22. h3 Rxa3 23. Rxa3 Rxc1+ 24. Kh2 Nc6 25. Qxb5 Qc7 26. Ra8+ Kg7 27. Bh4 g5 28. Bxg5 Rc4 29. Bf6+ 1-0


[Site "https://www.chess.com"]

[Event "Titled Tuesday Blitz August 15 Early 2023"]
[White "Beerdsen, Thomas"]
[Black "Eidelman, Gabriel"]
[WhiteFideId "1030108"]
[BlackFideId "30910544"]
[WhiteElo "2803"]
[BlackElo "2489"]
[Result "1-0"]
[Round "3"]
[TimeControl "180+1"]
[Date "2023.08.15"]
[WhiteClock "0:02:26"]
[BlackClock "0:00:56"]
[Board "81"]

1. e4 c5 2. Nf3 Nc6 3. Bc4 e6 4. O-O d5 5. Bb5 dxe4 6. Ne5 Qc7 7. Nxc6 bxc6 8. Bc4 Nf6 9. Nc3 Bd6 10. Kh1 O-O 11. Qe2 Bxh2 12. Nxe4 Nxe4 13. Qxe4 Be5 14. d3 Bf6 15. Bf4 e5 16. Be3 Qd6 17. a4 a5 18. g3 Bd7 19. Kg2 g6 20. Rh1 Bf5 21. Qf3 h5 22. Rxh5 gxh5 23. Qxf5 Bg7 24. Rh1 Ra7 25. Rxh5 Rb8 26. Qh7+ Kf8 27. Rg5 Qh6 28. Bxc5+ Ke8 29. Qxh6 1-0


[Site "https://www.chess.com"]

[Event "Titled Tuesday Blitz August 15 Early 2023"]
[White "Rustemov, Alexander"]
[Black "Koutlas, Nikolaos"]
[WhiteFideId "4119002"]
[BlackFideId "25827138"]
[WhiteElo "2770"]
[BlackElo "2489"]
[Result "1-0"]
[Round "3"]
[TimeControl "180+1"]
[Date "2023.08.15"]
[WhiteClock "0:00:42"]
[BlackClock "0:00:00"]
[Board "82"]

1. d4 d5 2. c4 c6 3. Nc3 Nf6 4. e3 e6 5. Nf3 Nbd7 6. Qc2 Bd6 7. Bd2 O-O 8. O-O-O a5 9. e4 dxe4 10. Nxe4 Nxe4 11. Qxe4 Nf6 12. Qh4 Be7 13. Bd3 b5 14. c5 Qd5 15. Kb1 Qh5 16. Qxh5 Nxh5 17. Ne5 Bb7 18. Be4 Rac8 19. Bxa5 Nf6 20. Bf3 Bd8 21. Bxd8 Rfxd8 22. b4 Nd5 23. Bxd5 Rxd5 24. Rd3 Rcd8 25. Rhd1 f6 26. Ng4 e5 27. Ne3 Rxd4 28. Rxd4 exd4 29. Nf5 Bc8 30. Nd6 Be6 31. Rxd4 Kf8 32. a3 Ke7 33. Kb2 Bd5 34. g3 g6 35. Rd3 f5 36. Re3+ Kf6 37. f4 h6 38. Re5 Bg2 39. h4 Bf3 40. Re8 Rxe8 41. Nxe8+ Ke7 42. Nd6 Ke6 43. Kc3 Bd1 44. Kd4 Bb3 45. Nb7 Kf6 46. Na5 Bd5 47. Kc3 Ke6 48. Nb3 Bg2 49. Nd4+ Kd5 50. h5 gxh5 51. Nxf5 Ke4 52. Nxh6 Kf3 53. f5 Kxg3 54. f6 Bd5 55. a4 bxa4 56. b5 1-0


[Site "https://www.chess.com"]

[Event "Titled Tuesday Blitz August 15 Early 2023"]
[White "Gurevich, Dmitry"]
[Black "Schmakel, Sam"]
[WhiteFideId "2000407"]
[BlackFideId "2039311"]
[WhiteElo "2489"]
[BlackElo "2764"]
[Result "0-1"]
[Round "3"]
[TimeControl "180+1"]
[Date "2023.08.15"]
[WhiteClock "0:00:00"]
[BlackClock "0:00:05"]
[Board "83"]

1. d4 Nf6 2. c4 a6 3. f3 c5 4. d5 b5 5. e4 d6 6. a4 b4 7. b3 g6 8. Bb2 Bg7 9. Nd2 O-O 10. Qc2 e5 11. h4 Nh5 12. Ne2 f5 13. O-O-O a5 14. Kb1 f4 15. Nc1 Ng3 16. Rh2 Nd7 17. Bd3 Nf6 18. Ne2 Nfh5 19. Nf1 Bf6 20. Bc1 Bxh4 21. Bd2 Nxe2 22. Bxe2 Ng3 23. Bd3 Nxf1 24. Bxf1 Bg3 25. Rh1 h5 26. Be1 Qg5 27. Qe2 Ra7 28. Bxg3 Qxg3 29. Qe1 Qxe1 30. Rxe1 Rh7 31. Rh2 g5 32. Be2 Kg7 33. Reh1 Kg6 34. Kc2 Rff7 35. Kd2 g4 36. Rh4 g3 37. Ke1 Rh6 38. Kd2 Rfh7 39. Kc2 Kg5 40. Kd2 Rg7 41. Ke1 Bd7 42. Bd1 Be8 43. Kf1 Kf6 44. Kg1 Rgh7 45. Kf1 Kg5 46. Kg1 Bg6 47. Bc2 Rb7 48. Kf1 Be8 49. Ke2 Bxa4 50. bxa4 b3 51. Bd3 Rb4 52. R4h3 Rxa4 53. Rb1 Rb4 54. Rhh1 Rh8 55. Ra1 a4 56. Ra3 h4 57. Kd2 Rhb8 58. Kc3 b2 59. Rb1 h3 60. gxh3 g2 61. Bc2 Kh4 62. Rxa4 Rxa4 63. Bxa4 Kxh3 64. Bb5 Kh2 65. Kxb2 g1=Q 66. Rxg1 Kxg1 67. Kb3 Kf2 0-1


[Site "https://www.chess.com"]

[Event "Titled Tuesday Blitz August 15 Early 2023"]
[White "Marn, Jan"]
[Black "Hambleton, Aman"]
[WhiteFideId "14619245"]
[BlackFideId "2606577"]
[WhiteElo "2487"]
[BlackElo "2756"]
[Result "0-1"]
[Round "3"]
[TimeControl "180+1"]
[Date "2023.08.15"]
[WhiteClock "0:00:00"]
[BlackClock "0:00:06"]
[Board "84"]

1. f4 d5 2. Nf3 Nh6 3. e3 Bg4 4. Be2 Nd7 5. b3 e6 6. Bb2 Nf5 7. O-O c6 8. h3 Bxf3 9. Bxf3 h5 10. Qe1 h4 11. Kh2 Bd6 12. Bg4 Ng3 13. Rf2 Nf6 14. Nc3 e5 15. Ne2 exf4 16. Rxf4 Nxe2 17. Qxe2 g5 18. Kh1 gxf4 19. exf4+ Kf8 20. Re1 Rh6 0-1


[Site "https://www.chess.com"]

[Event "Titled Tuesday Blitz August 15 Early 2023"]
[White "Lobanov, Sergei"]
[Black "Bochnicka, Vladimir"]
[WhiteFideId "24183750"]
[BlackFideId "14943450"]
[WhiteElo "2745"]
[BlackElo "2486"]
[Result "1-0"]
[Round "3"]
[TimeControl "180+1"]
[Date "2023.08.15"]
[WhiteClock "0:01:43"]
[BlackClock "0:00:06"]
[Board "85"]

1. d4 Nf6 2. c4 g6 3. Nc3 Bg7 4. e4 d6 5. h3 e5 6. d5 O-O 7. Be3 Ne8 8. g4 c6 9. Nge2 a6 10. a4 a5 11. Ng3 Na6 12. h4 Nb4 13. h5 Bd7 14. Be2 Rc8 15. Kf1 cxd5 16. cxd5 Kh8 17. Qd2 Kg8 18. Kg2 Qe7 19. Rh2 Nc7 20. Rah1 f6 21. hxg6 hxg6 22. Nf5 Bxf5 23. gxf5 g5 24. Bh5 Nca6 25. Bg6 Rc4 26. Qe2 Rfc8 27. Qh5 Qd8 28. Qh8+ Bxh8 29. Rxh8+ Kg7 30. R1h7# 1-0


[Site "https://www.chess.com"]

[Event "Titled Tuesday Blitz August 15 Early 2023"]
[White "Ankerst, Mihael"]
[Black "Stribuk, Artiom"]
[WhiteFideId "14602369"]
[BlackFideId "13515659"]
[WhiteElo "2480"]
[BlackElo "2737"]
[Result "0-1"]
[Round "3"]
[TimeControl "180+1"]
[Date "2023.08.15"]
[WhiteClock "0:00:00"]
[BlackClock "0:01:43"]
[Board "86"]

1. e4 c5 2. Nf3 d6 3. d4 cxd4 4. Nxd4 Nf6 5. Nc3 g6 6. f4 Bg7 7. e5 Nh5 8. Bb5+ Bd7 9. exd6 O-O 10. dxe7 Qxe7+ 11. Qe2 Qb4 12. Bxd7 Bxd4 13. Bg4 Bxc3+ 14. bxc3 Qxc3+ 15. Kf2 Qxa1 16. Bxh5 gxh5 17. Rd1 Nc6 18. Qxh5 Rad8 19. Re1 Rfe8 20. Be3 Qg7 21. c3 Rd6 22. Qf3 Rde6 23. Bd2 Rxe1 24. Bxe1 f5 25. h3 h6 26. g4 Kh7 27. Bd2 Qd7 28. Be3 Qd3 29. gxf5 Qxe3+ 30. Qxe3 Rxe3 31. Kxe3 Kg7 32. Ke4 Kf6 33. h4 h5 34. a3 Na5 0-1


[Site "https://www.chess.com"]

[Event "Titled Tuesday Blitz August 15 Early 2023"]
[White "Brodowski, Piotr"]
[Black "Dias, Paulo"]
[WhiteFideId "1124480"]
[BlackFideId "1900803"]
[WhiteElo "2735"]
[BlackElo "2479"]
[Result "1-0"]
[Round "3"]
[TimeControl "180+1"]
[Date "2023.08.15"]
[WhiteClock "0:00:05"]
[BlackClock "0:00:00"]
[Board "87"]

1. g3 d5 2. Bg2 Nf6 3. c4 c6 4. Qc2 g6 5. Nf3 Bg7 6. O-O O-O 7. d3 d4 8. b4 Re8 9. a4 e5 10. Nbd2 h6 11. Ba3 Bf5 12. b5 Qc7 13. c5 Nbd7 14. Nc4 e4 15. Nh4 exd3 16. exd3 Be6 17. Nd6 Red8 18. bxc6 bxc6 19. Rab1 Rab8 20. Nf3 Nd5 21. Rxb8 Rxb8 22. Re1 a5 23. h4 Nb4 24. Bxb4 axb4 25. Rxe6 fxe6 26. Nd2 Ne5 27. Nb3 Nf7 28. Ne4 e5 29. Bh3 Bf8 30. Qc4 Kg7 31. Be6 Qe7 32. a5 Nd8 33. Bh3 Nf7 34. a6 Rb5 35. Bc8 Qa7 36. Bb7 Rxb7 37. axb7 Qxb7 38. Qe6 Qa6 39. Qf6+ Kg8 40. Qxg6+ Bg7 41. Nbd2 Kf8 42. Nc4 b3 43. Qf5 b2 44. Nxb2 Qa1+ 45. Kg2 Qxb2 46. Nd6 Qb3 47. Qc8+ Ke7 48. Qe8+ Kf6 49. Ne4+ Kg6 50. Qxc6+ Kh7 51. Qd7 Qxd3 52. Qf5+ Kg8 53. c6 Qc4 54. Qd7 d3 55. c7 Qxe4+ 56. Kh2 Qf3 57. c8=Q+ Kh7 58. Qf5+ 1-0


[Site "https://www.chess.com"]